 Dungeon Crawl Stone Soup version 0.30-a0-540-g0af01429fa (webtiles) character file.

Game seed: 7354469880437909960

3535 greasedhog the Fighter (level 10, -2/83 HPs)
             Began as a Formicid Fighter on Dec 26, 2022.
             Was an Elder of Okawaru.
             Slain by a meliai
             ... wielding a +0 broad axe
              (6 damage)
             ... on level 8 of the Dungeon.
             The game lasted 00:09:27 (7078 turns).

greasedhog the Fighter (Formicid Fighter)           Turns: 7078, Time: 00:09:27

Health: -2/83      AC: 14    Str: 25    XL:     10   Next: 29%
Magic:  12/12      EV:  8    Int:  8    God:    Okawaru [****..]
Gold:   260        SH:  5    Dex: 13    Spells: 9/9 levels left

rFire   + . .      SeeInvis +    a - +0 trident
rCold   + . .      Faith    .    c - +0 buckler
rNeg    . . .      Spirit   .    h - +0 plate armour
rPois   .          Reflect  .    (helmet unavailable)
rElec   .          Harm     .    D - scarf {rC+ rF+}
rCorr   .          Rampage  .    b - +0 pair of gloves
Will    +....                    (no boots) Stlth
                                 (no amulet)
HPRegen 0.33/turn                (no ring)
MPRegen 0.13/turn                (no ring)

@: invisible
A: permanent stasis, dig shafts and tunnels, antennae 3, four strong arms
a: Dig, Shaft Self, Renounce Religion, Heroism, Finesse


You were on level 8 of the Dungeon.
You worshipped Okawaru.
Okawaru was greatly pleased with you.
You visited 2 branches of the dungeon, and saw 9 of its levels.

You collected 370 gold pieces.
You spent 110 gold pieces at shops.

Inventory:

Hand Weapons
 a - a +0 trident (weapon)
Missiles
 q - a throwing net
Armour
 b - a +0 pair of gloves (worn)
 c - a +0 buckler (worn)
 h - a +0 plate armour (worn)
 D - a scarf of resistance (worn)
Wands
 r - a wand of flame (22)
 v - a wand of roots (15)
 B - a wand of acid (10)
Scrolls
 d - a scroll of poison
 e - a scroll of brand weapon
 i - a scroll of fog
 m - a scroll of noise {unknown}
 o - a scroll of magic mapping {unknown}
 p - a scroll of fear {unknown}
 s - a scroll of torment
 x - a scroll of blinking {unknown}
 y - a scroll of identify
 C - a scroll of vulnerability {unknown}
Potions
 f - 2 potions of magic
 g - 4 potions of curing
 j - 2 potions of flight
 k - a potion of attraction {unknown}
 l - 2 potions of heal wounds {unknown}
 n - a potion of invisibility
 t - a potion of resistance {unknown}
 u - a potion of mutation {unknown}
 w - a potion of might
 z - 2 potions of brilliance {unknown}
 A - 2 potions of berserk rage {unknown}


   Skills:
 * Level 9.4 Fighting
 * Level 8.2 Polearms
 * Level 6.5 Armour
 - Level 5.0 Dodging
 - Level 5.0 Shields
 - Level 3.0 Invocations


You had 9 spell levels left.
You didn't know any spells.
Your spell library contained the following spells:

 Spells                   Type           Power      Damage    Failure   Level
 Magic Dart               Conj           0%         1d3       100%        1
 Sandblast                Erth           0%         2d4       100%        1
 Passwall                 Tmut/Erth      0%         N/A       100%        2
 Searing Ray              Conj           0%         2d4       100%        2
 Stone Arrow              Conj/Erth      0%         3d7       100%        3
 Fulminant Prism          Conj/Hex       0%         3d5       100%        4


Dungeon Overview and Level Annotations

Branches:
Dungeon (8/15)             Temple (1/1) D:4
   Lair: D:8-11

Altars:
Ashenzari
Cheibriados
Dithmenos
Elyvilon
Fedhas
Gozag
Kikubaaqudgha
Makhleb
Okawaru
Qazlal
Ru
Sif Muna
Trog
Uskayaw
Vehumet
Wu Jian
Xom
Zin
The Shining One

Shops:
D:2 ?   D:4 =*

Annotations:
D:6 exclusion: statue


Innate Abilities, Weirdness & Mutations

You cannot be hasted, slowed, berserked, paralysed or teleported.
You can dig through walls and to a lower floor.
You have a pair of large antennae on your head. (SInv)
Your four strong arms can wield two-handed weapons with a shield.


Message History

You feel very sick. The meliai barely misses you.
The meliai stings you but does no damage.
The meliai hits you with a +0 broad axe!
The meliai barely misses you.
You hit the meliai but do no damage.
The meliai is heavily wounded.
You feel very sick. You block the meliai's attack.
The meliai closely misses you.
The deep elf pyromancer casts a spell.
The deep elf pyromancer blinks!
The meliai hits you with a +0 broad axe.
You block the meliai's attack.
You closely miss the meliai.
The meliai is heavily wounded.
You feel very sick. You block the meliai's attack. The meliai stings you!
You are more poisoned.
The meliai poisons you! You block the meliai's attack.
The meliai stings you but does no damage.
You feel very sick.
The meliai hits you with a +0 broad axe.
* * * LOW HITPOINT WARNING * * *
The meliai stings you but does no damage.
The meliai closely misses you.
The meliai stings you but does no damage.
You feel better.
The meliai hits you with a +0 broad axe.
The meliai stings you but does no damage.
The meliai hits you with a +0 broad axe!
* * * LOW HITPOINT WARNING * * *
The meliai barely misses you.
You fade into invisibility!
The meliai hits you with a +0 broad axe!
* * * LOW HITPOINT WARNING * * *
The meliai stings you but does no damage.
The deep elf pyromancer hits you with a +2 rapier of holy wrath!
* * * LOW HITPOINT WARNING * * *
The meliai hits you with a +0 broad axe.
You die...

{ { ### #..## ##..###
#.#.#y@### {
##.#e##(###
....#.#....###
.###?#.#......### ###
#.y#.#.#....##....#
#.#####.##.#)#......###
##.## # ..#.#....###
##.## #)##.###
##.#######.)###


You could see a deep elf pyromancer (unable to see you) and a meliai (unable to
see you).

Vanquished Creatures
  Prince Ribbit (D:5)
  A spriggan (D:7)
  Grum (D:8)
  3 ice beasts
  2 sky beasts
  2 black bears
  An ogre (D:4)
  3 wolves
  3 centaurs
  4 phantoms
  4 kobold brigands
  A gnoll sergeant (D:5)
  2 necrophages
  3 scorpions
  3 killer bees (D:7)
  2 howler monkeys
  3 jellies
  5 hounds
  A quasit (D:6)
  4 iguanas
  An orc wizard (D:3)
  9 adders
  6 gnolls
  3 shadow imps
  5 white imps
  An ufetubus (D:6)
  A worm (D:3)
  4 dart slugs
  10 orcs
  8 ball pythons
  5 endoplasms
  3 giant cockroaches
  9 goblins
  9 hobgoblins
  6 jackals
  12 kobolds
  2 quokkas
  A bat (D:1)
  2 frilled lizards (D:1)
  A rat (D:1)
147 creatures vanquished.

Vanquished Creatures (others)
  3 demonic plants (D:6)
  12 plants (D:5)
15 creatures vanquished.

Grand Total: 162 creatures vanquished

Notes
Turn   | Place    | Note
-------+----------+-------------------------------------------
     0 | D:1      | greasedhog the Formicid Fighter began the quest for the
                  | Orb.
     0 | D:1      | Reached XP level 1. HP: 18/18 MP: 1/1
    94 | D:1      | Reached XP level 2. HP: 24/24 MP: 2/2
   148 | D:1      | Reached XP level 3. HP: 29/29 MP: 3/3
   244 | D:1      | Noticed a great orb of eyes
   247 | D:1      | Found a faded altar of an unknown god.
   256 | D:1      | Noticed a shining eye
   256 | D:1      | Noticed a great orb of eyes
   256 | D:1      | Noticed a floating eye
   810 | D:2      | Reached XP level 4. HP: 37/37 MP: 4/4
   905 | D:2      | Found Ixuimil's Magic Scroll Shoppe.
   923 | D:2      | Bought a scroll of identify for 22 gold pieces
  1596 | D:3      | Reached skill level 4 in Fighting
  1917 | D:3      | Reached XP level 5. HP: 42/42 MP: 5/5
  1954 | D:3      | Found an opulent altar of Gozag.
  2118 | D:3      | Reached skill level 5 in Shields
  2193 | D:4      | Noticed an ogre
  2359 | D:4      | Found Inubonem's General Store.
  2362 | D:4      | Bought 2 scrolls of identify for 44 gold pieces
  2362 | D:4      | Bought a scroll of identify for 22 gold pieces
  2362 | D:4      | Bought a scroll of identify for 22 gold pieces
  2403 | D:4      | Found Anozager's Jewellery Shoppe.
  2419 | D:4      | Killed an ogre
  2420 | D:4      | Reached XP level 6. HP: 48/49 MP: 6/6
  2542 | D:4      | Found a broken altar of Ashenzari.
  2550 | D:4      | Found a staircase to the Ecumenical Temple.
  2582 | Temple   | Entered the Ecumenical Temple
  2688 | Temple   | Became a worshipper of Warmaster Okawaru
  2760 | D:4      | Found a shadowy altar of Dithmenos.
  2763 | D:4      | Found a snail-covered altar of Cheibriados.
  2841 | D:4      | Found a hide-covered altar of Uskayaw.
  2843 | D:4      | Noticed a +0 hand axe
  2843 | D:4      | Noticed a +0 hand axe
  2875 | D:4      | Reached skill level 5 in Fighting
  2917 | D:4      | Reached skill level 5 in Armour
  2917 | D:4      | Reached skill level 1 in Invocations
  2917 | D:4      | Reached XP level 7. HP: 56/56 MP: 7/7
  3066 | D:5      | Entered Level 5 of the Dungeon
  3275 | D:5      | Reached * piety under Okawaru
  3395 | D:5      | Found an ancient bone altar of Kikubaaqudgha.
  3545 | D:5      | Reached XP level 8. HP: 55/64 MP: 9/9
  3586 | D:5      | Reached skill level 6 in Fighting
  4035 | D:6      | Noticed Prince Ribbit
  4091 | D:5      | Killed Prince Ribbit
  4092 | D:5      | Reached skill level 5 in Polearms
  4092 | D:5      | Reached skill level 1 in Dodging
  4325 | D:6      | Reached ** piety under Okawaru
  4536 | D:6      | Found a radiant altar of Vehumet.
  4543 | D:6      | Reached skill level 7 in Fighting
  4739 | D:6      | Reached XP level 9. HP: 64/72 MP: 11/11
  4934 | D:6      | Found a glowing silver altar of Zin.
  5473 | D:7      | Reached skill level 8 in Fighting
  5561 | D:7      | Reached *** piety under Okawaru
  5635 | D:7      | Found a stormy altar of Qazlal.
  6052 | D:7      | Found a burning altar of Makhleb.
  6304 | D:7      | Reached skill level 5 in Dodging
  6304 | D:7      | Reached XP level 10. HP: 68/82 MP: 12/12
  6431 | D:8      | Noticed a two-headed ogre
  6431 | D:8      | Found a shimmering altar of Xom.
  6432 | D:8      | Noticed Grum
  6448 | D:8      | Reached **** piety under Okawaru
  6449 | D:8      | Reached skill level 9 in Fighting
  6774 | D:8      | Killed Grum
  7062 | D:8      | Noticed a deep elf pyromancer
  7078 | D:8      | HP: 4/83 [deep elf pyromancer/+2 rapier of holy wrath (8)]
  7078 | D:8      | Slain by a meliai

Illustrated notes

Levels and vault maps discovered:
D:1:      dpeg_arrival_round_c, layout_rooms,
          hellmonk_ecumenical_altar_watching_god, minmay_tetromino_s4
D:2:      layout_basic, serial_shops, nicolae_shop_waterfront
D:3:      layout_rooms, nicolae_overflow_crystal_walls,
          kennysheep_cluttered_room
D:4:      layout_basic, general_overflow_altar, dancing_weapons_uskayaw,
          minitemple, minmay_temple_entry_stoned_glass, serial_shops,
          nicolae_stop_n_shop_1, kennysheep_mini
D:5:      layout_basic, marbit_many_paths, serial_bayou, serial_bayou_pond_a,
          serial_bayou_lagoon_a, serial_bayou_ford_a, serial_bayou_lake_a,
          grunt_decor_fettered
D:6:      layout_cave_pools, mainiacjoe_overflow_brackets, vehumet_statue,
          serial_demonic, serial_demonic_g, serial_demonic_a, serial_demonic_c,
          serial_demonic_b, nicolae_water_bricks, uniq_prince_ribbit1
D:7:      layout_rooms, makhleb_heckhound_becter,
          mainiacjoe_overflow_six_doors_small, moated_statue, the_hattery
D:8:      minmay_the_grid_triangle_9x9_rhombus_full
          [minmay_the_grid_triangle_9x9_dagger,
          minmay_the_grid_triangle_9x9_swiss_cheese,
          minmay_the_grid_triangle_9x9_minimal,
          minmay_the_grid_triangle_9x9_warning,
          minmay_the_grid_triangle_9x9_shrine,
          minmay_the_grid_triangle_9x9_corruption,
          minmay_the_grid_triangle_9x9_impossible_snake,
          minmay_the_grid_triangle_9x9_prize_top_heavy], layout_rooms,
          xom_teletrap_fun, gammafunk_temple_overflow_statue, uniq_pikel,
          uniq_psyche, uniq_grum
Temple:   nicolae_temple_superstar

Skill      XL: |  1  2  3  4  5  6  7  8  9 10 |
---------------+-------------------------------+-----
Fighting       | 4 5 7 8 9 |  9.4
Armour         | 4 5 6 |  6.5
Polearms       | 3 4 6 7 8 |  8.2
Shields        | 5 |  5.0
Invocations    | 1 2 3 |  3.0
Dodging        | 2 5 |  5.0

Action                   |  1- 3 |  4- 6 |  7- 9 | 10-12 || total
-------------------------+-------+-------+-------+-------++-------
Melee: Trident           |    96 |   198 |   426 |    75 ||   795
Throw: Throwing net      |       |       |     2 |       ||     2
 Abil: Dig               |       |       |     1 |       ||     1
Evoke: Wand              |       |       |       |     3 ||     3
  Use: Scroll            |     4 |     5 |     2 |       ||    11
       Potion            |       |     1 |       |     2 ||     3
 Stab: Held in net/web   |       |       |     1 |       ||     1
Armor: Scale mail        |    10 |       |       |       ||    10
       Plate armour      |    24 |   116 |   279 |    63 ||   482
Dodge: Dodged            |    28 |    72 |   158 |    47 ||   305
Block: Buckler           |    22 |    47 |   129 |    29 ||   227

Table legend: (Time is in decaauts)
 A = Elapsed time spent in this place.
 B = Non-inter-level travel time spent in this place.
 C = Inter-level travel time spent in this place.
 D = Time resting spent in this place.
 E = Time spent auto-exploring this place.
 F = Levels seen in this place.
 G = Mean time per level.
                   A        B        C        D        E       F      G
               +--------+--------+--------+--------+--------+-----+--------+
         Total |   7218 |   6974 |    244 |   1311 |   4151 |   9 |  802.0 |
       Dungeon |   7102 |   6870 |    232 |   1311 |   4066 |   8 |  887.8 |
        Temple |    115 |    103 |     12 |      0 |     85 |   1 |  115.0 |
               +--------+--------+--------+--------+--------+-----+--------+

Top non-repeatable levels by time:
     D:5: 1284 daAuts
     D:6: 1238 daAuts
     D:7: 1237 daAuts
     D:2: 889 daAuts
     D:3: 786 daAuts
     D:1: 680 daAuts
     D:4: 649 daAuts
     D:8: 337 daAuts
  Temple: 115 daAuts
